[Event "Titled Tuesday Blitz August 24 2021"]
[White "Grafil, Franz Robert"]
[Black "Pakleza, Zbigniew"]
[WhiteFideId "5205298"]
[BlackFideId "1119290"]
[WhiteElo "2211"]
[BlackElo "2526"]
[Result "0-1"]
[Round "08"]
[TimeControl "180+1"]
[Date "2021.08.24"]
[WhiteClock "0:00:02"]
[BlackClock "0:00:08"]

1. d4 d6 2. Nf3 Bg4 3. e4 Nf6 4. Nc3 e6 5. Be2 Be7 6. O-O O-O 7. h3 Bh5 8. Bf4 d5 9. exd5 exd5 10. Ne5 Bxe2 11. Qxe2 c6 12. Rfe1 Re8 13. Qf3 Nbd7 14. Nxd7 Qxd7 15. a3 Qf5 16. Re2 g5 17. Be5 Qxf3 18. gxf3 Nh5 19. Rae1 Bf8 20. Nd1 f6 21. Bg3 Rxe2 22. Rxe2 Kf7 23. Ne3 Kg6 24. Ng2 Ng7 25. f4 Nf5 26. c3 c5 27. dxc5 Bxc5 28. Kf1 d4 29. cxd4 Nxd4 30. Rd2 Re8 31. fxg5 fxg5 32. b4 Bb6 33. Ne3 Rc8 34. Nd5 Rc1+ 35. Kg2 Nf5 36. Nxb6 axb6 37. Be5 Re1 38. Bg3 h5 39. Rd3 h4 40. Bc7 b5 41. Rd5 Re7 42. Bh2 Re2 43. Rxb5 Ra2 44. Rb6+ Kh5 45. Rb5 Ne3+ 46. Kf3 Nd1 47. Be5 Rxf2+ 48. Ke4 Re2+ 49. Kf5 Ne3+ 50. Kf6 Rf2+ 51. Ke6 Rf3 52. Rxb7 Rxh3 53. a4 Kg4 54. a5 Nc4 55. Kd5 Nxe5 56. Kxe5 Re3+ 57. Kd4 Ra3 58. Kc4 h3 59. Rh7 Kg3 60. Kb5 g4 61. a6 h2 62. Kb6 Kg2 63. Rxh2+ Kxh2 64. b5 g3 65. Kb7 g2 66. b6 g1=Q 0-1


[Site "https://www.chess.com"]

[Event "Titled Tuesday Blitz August 24 2021"]
[White "Gurevich, Dmitry"]
[Black "Maly, Alexey"]
[WhiteFideId "2000407"]
[BlackFideId "14103184"]
[WhiteElo "2506"]
[BlackElo "2250"]
[Result "1-0"]
[Round "08"]
[TimeControl "180+1"]
[Date "2021.08.24"]
[WhiteClock "0:00:04"]
[BlackClock "0:00:02"]

1. d4 Nf6 2. c4 e6 3. g3 Bb4+ 4. Nd2 b6 5. Bg2 Nc6 6. d5 exd5 7. cxd5 Ne5 8. a3 Bxd2+ 9. Bxd2 O-O 10. Bc3 Re8 11. Nh3 Ba6 12. O-O Ng6 13. Re1 Ne4 14. Bd4 c5 15. dxc6 dxc6 16. Be3 c5 17. Qc2 Qe7 18. b4 Rac8 19. bxc5 Nxc5 20. Qb2 Ne5 21. Qb4 Nc4 22. Bd4 Red8 23. Rad1 Nd6 24. Nf4 Bb7 25. Nd5 Bxd5 26. Bxd5 Nde4 27. Bxe4 Qxe4 28. Bxc5 Rxd1 29. Rxd1 Qc2 30. Qd2 Qxd2 31. Rxd2 bxc5 32. Rc2 f6 33. Kf1 Kf7 34. e4 Ke6 35. Ke2 Kd6 36. Kd3 Rb8 37. Kc4 Kc6 38. Rd2 Rb1 39. Rd8 Rc1+ 40. Kb3 Rf1 41. Rc8+ Kb5 42. Rb8+ Kc6 43. Rc8+ Kb6 44. Rb8+ Kc7 45. Rg8 g5 46. Rg7+ Kb6 47. Rxh7 Rxf2 48. Rf7 a6 49. h4 gxh4 50. gxh4 Kb5 51. Rb7+ Kc6 52. Rf7 1-0


[Site "https://www.chess.com"]

[Event "Titled Tuesday Blitz August 24 2021"]
[White "Harshavardhan G B"]
[Black "Postny, Evgeny"]
[WhiteFideId "25059009"]
[BlackFideId "2804344"]
[WhiteElo "1825"]
[BlackElo "2521"]
[Result "1-0"]
[Round "08"]
[TimeControl "180+1"]
[Date "2021.08.24"]
[WhiteClock "0:00:16"]
[BlackClock "0:00:03"]

1. f4 d5 2. Nf3 g6 3. g3 Bg7 4. Bg2 Nf6 5. O-O O-O 6. d3 c5 7. Nbd2 Nc6 8. c3 d4 9. c4 Qc7 10. Nb3 b6 11. h3 Bb7 12. e4 dxe3 13. Bxe3 Rad8 14. Qe2 Rfe8 15. Ng5 Nh5 16. Kh2 Nd4 17. Nxd4 Bxd4 18. Bxb7 Qxb7 19. g4 Nf6 20. Bxd4 Rxd4 21. Rae1 Qc7 22. Qe5 Qd7 23. f5 Rxg4 24. fxg6 hxg6 25. Ne4 Rxe4 26. dxe4 Qd2+ 27. Kg1 Nh5 28. Qh2 Qg5+ 29. Qg2 Qe5 30. Rf5 Qd4+ 31. Kh1 Ng7 32. Rd5 Qxc4 33. Rf1 Ne6 34. Rdf5 Rf8 35. b3 Qd3 36. Kh2 Kg7 37. R5f3 Qd4 38. Qg4 Qe5+ 39. Kh1 f6 40. Rg1 g5 41. h4 Rh8 42. Rh3 Qf4 43. Qxe6 1-0


[Site "https://www.chess.com"]

[Event "Titled Tuesday Blitz August 24 2021"]
[White "Hjartarson, Johann"]
[Black "Kazakov, Mikhail"]
[WhiteFideId "2300044"]
[BlackFideId "14102749"]
[WhiteElo "2502"]
[BlackElo "2373"]
[Result "1-0"]
[Round "08"]
[TimeControl "180+1"]
[Date "2021.08.24"]
[WhiteClock "0:00:12"]
[BlackClock "0:00:04"]

1. c4 Nf6 2. Nc3 e6 3. Nf3 d5 4. d4 c5 5. cxd5 exd5 6. g3 Nc6 7. Bg2 cxd4 8. Nxd4 Bc5 9. Nb3 Bb6 10. O-O O-O 11. Bg5 d4 12. Nd5 Be6 13. Bxf6 gxf6 14. Nf4 Qd6 15. Nd2 f5 16. a3 Rad8 17. Nf3 Rfe8 18. Rc1 Na5 19. Ng5 Bb3 20. Qd3 Qe5 21. Nf3 Qe4 22. Qb5 Rd6 23. Bh3 a6 24. Qxf5 Qxf5 25. Bxf5 Nc4 26. Bc2 Bxc2 27. Rxc2 Ne5 28. Nxe5 Rxe5 29. Rd1 Kg7 30. Kg2 Rb5 31. h4 Rb3 32. Rd3 Rb5 33. b4 a5 34. Rc4 axb4 35. axb4 Rc6 36. Rcxd4 Bxd4 37. Rxd4 Rcb6 38. Nd3 Re6 39. e4 Rbb6 40. e5 Rec6 41. f4 Rc3 42. Kf3 Ra6 43. h5 Ra1 44. g4 Rb1 45. Ke4 Rg1 46. g5 h6 47. gxh6+ Kxh6 48. Rd7 Kg7 49. Nc5 Rc4+ 50. Kf5 Rxb4 51. Ne6+ Kg8 52. Rd8+ Kh7 53. Ng5+ Kg7 54. Rd7 Rf1 55. Rxf7+ Kg8 56. Kg6 Rbxf4 57. Rxb7 Rf8 58. e6 Re1 59. h6 Re8 60. Rg7+ Kf8 61. Nh7# 1-0


[Site "https://www.chess.com"]

[Event "Titled Tuesday Blitz August 24 2021"]
[White "Idani, Pouya"]
[Black "Gontcharov, Vladislav"]
[WhiteFideId "12510130"]
[BlackFideId "4123492"]
[WhiteElo "2610"]
[BlackElo "2503"]
[Result "1-0"]
[Round "08"]
[TimeControl "180+1"]
[Date "2021.08.24"]
[WhiteClock "0:00:24"]
[BlackClock "0:00:08"]

1. e4 e6 2. d3 d5 3. Nd2 c5 4. Ngf3 Nc6 5. g3 g6 6. Bg2 Bg7 7. O-O Nf6 8. Re1 O-O 9. Qe2 a5 10. Nf1 a4 11. e5 Nd7 12. Bf4 a3 13. b3 Nd4 14. Nxd4 cxd4 15. h4 h6 16. Qd2 Kh7 17. Nh2 Qa5 18. Nf3 Qxd2 19. Bxd2 b6 20. Bb4 Rd8 21. Bd6 Nf8 22. Bc7 Ba6 23. Bxb6 Rdc8 24. Re2 Rc6 25. Bxd4 Rac8 26. Ne1 R6c7 27. Rc1 Nd7 28. c4 dxc4 29. dxc4 Bb7 30. Bxb7 Rxb7 31. Nd3 Nb8 32. Re3 Nc6 33. Bc5 Nxe5 34. b4 Nd7 35. Bd6 Bb2 36. Rc2 Nb6 37. Bc5 Na4 38. Bd6 Nb6 39. c5 Nd5 40. Re4 Rd7 41. Nxb2 Rxd6 42. Nc4 Ra6 43. b5 Nb4 44. bxa6 Nxc2 45. Nb6 Rc7 46. Ra4 Ra7 47. c6 e5 48. c7 Rxc7 49. a7 Ne1 50. a8=Q Rc1 51. Kh2 Nd3 52. Qf3 1-0


[Site "https://www.chess.com"]

[Event "Titled Tuesday Blitz August 24 2021"]
[White "Isajevsky, Anton"]
[Black "Yaran, Siar"]
[WhiteFideId "4142500"]
[BlackFideId "6323006"]
[WhiteElo "2510"]
[BlackElo "1977"]
[Result "1-0"]
[Round "08"]
[TimeControl "180+1"]
[Date "2021.08.24"]
[WhiteClock "0:00:25"]
[BlackClock "0:00:22"]

1. c4 e5 2. g3 c6 3. d4 e4 4. d5 Bb4+ 5. Bd2 e3 6. fxe3 Qe7 7. Bg2 Nf6 8. Nc3 O-O 9. Nf3 Re8 10. O-O Na6 11. Nd4 Nc7 12. Nf5 Qe5 13. e4 b5 14. Bf4 Bxc3 15. Bxe5 Bxe5 16. cxb5 Nxb5 17. Qd2 Bb7 18. Rac1 Rad8 19. a4 Nd6 20. Qb4 Nxf5 21. exf5 Ba6 22. dxc6 dxc6 23. Bxc6 Bd4+ 24. Kh1 Rxe2 25. Qa5 Rb8 26. Qxa6 Rbxb2 27. Qc8+ Ne8 28. Qxe8+ Rxe8 29. Bxe8 Kf8 30. Bb5 Ke7 31. Rfd1 Kf6 32. Rxd4 1-0


[Site "https://www.chess.com"]

[Event "Titled Tuesday Blitz August 24 2021"]
[White "Ivanchuk, Vasyl"]
[Black "Shuvalova, Polina"]
[WhiteFideId "14100010"]
[BlackFideId "24171760"]
[WhiteElo "2710"]
[BlackElo "2299"]
[Result "1-0"]
[Round "08"]
[TimeControl "180+1"]
[Date "2021.08.24"]
[WhiteClock "0:00:23"]
[BlackClock "0:00:02"]

1. e4 c6 2. d4 d5 3. f3 dxe4 4. fxe4 e5 5. Nf3 Bg4 6. c3 Nf6 7. Qb3 Bxf3 8. gxf3 Nbd7 9. Bc4 Qe7 10. Qxb7 Rb8 11. Qxc6 g6 12. b3 exd4 13. cxd4 Nh5 14. Nc3 Bg7 15. Nd5 Qh4+ 16. Kd1 Bxd4 17. Rb1 Qh3 18. Rf1 O-O 19. Bh6 Ne5 20. Qc7 Nxc4 21. Qxc4 Bg7 22. Bxg7 Nxg7 23. Rf2 Ne6 24. Qc3 Rfd8 25. Kc2 h5 26. Kb2 a5 27. a4 Qh4 28. Rd2 Rb7 29. Rbd1 Kf8 30. Nf6 Rxd2+ 31. Rxd2 Qf4 32. Nd5 Rc7 33. Nxf4 Rxc3 34. Nxe6+ 1-0


[Site "https://www.chess.com"]

[Event "Titled Tuesday Blitz August 24 2021"]
[White "Ivanisevic, Ivan"]
[Black "Rottenwohrer Suarez, Juan"]
[WhiteFideId "912417"]
[BlackFideId "32068182"]
[WhiteElo "2499"]
[BlackElo "2158"]
[Result "0-1"]
[Round "08"]
[TimeControl "180+1"]
[Date "2021.08.24"]
[WhiteClock "0:00:01"]
[BlackClock "0:00:05"]

1. d4 Nf6 2. c4 g6 3. h4 h5 4. Nc3 Bg7 5. e4 d6 6. Bg5 a6 7. Be2 Nc6 8. d5 Ne5 9. Nf3 Nxf3+ 10. gxf3 c6 11. Qd2 cxd5 12. cxd5 b5 13. a3 Bb7 14. O-O-O Nd7 15. Kb1 Rc8 16. Rc1 Nc5 17. Bd1 Qa5 18. Be3 O-O 19. Bd4 Bxd4 20. Qxd4 Nd7 21. Be2 Qb6 22. Rhd1 Qxd4 23. Rxd4 Rc7 24. Na2 Rfc8 25. Rxc7 Rxc7 26. b4 Nb6 27. Rd1 Kg7 28. Rc1 Rxc1+ 29. Nxc1 f5 30. Nb3 Na4 31. Kc2 Kf6 32. Na5 Bc8 33. Kd3 e6 34. Ke3 exd5 35. exd5 Nc3 36. Bd1 Nxd1+ 37. Kd4 Nxf2 38. Nc6 g5 39. hxg5+ Kxg5 40. Ne7 Bd7 41. Ke3 Nd1+ 42. Ke2 Nc3+ 43. Kf2 h4 44. Nc6 Nxd5 45. Nd4 Nc3 46. Nb3 f4 47. Nd4 h3 48. Kg1 Nb1 49. Kh2 Nxa3 50. Nb3 Kf6 51. Nd2 Ke5 52. Ne4 Nc2 53. Ng5 Nxb4 54. Nf7+ Kd5 55. Ng5 a5 56. Ne4 a4 57. Nc3+ Kc4 58. Nb1 Kb3 59. Nd2+ Kc2 60. Ne4 a3 61. Nxd6 a2 62. Nxb5 Bxb5 0-1


[Site "https://www.chess.com"]

[Event "Titled Tuesday Blitz August 24 2021"]
[White "Jarovinsky, Alexey"]
[Black "Pelopidass"]
[WhiteFideId "14115131"]
[WhiteElo "2446"]
[BlackElo "2558"]
[Result "1-0"]
[Round "08"]
[TimeControl "180+1"]
[Date "2021.08.24"]
[WhiteClock "0:00:20"]
[BlackClock "0:00:07"]

1. Nc3 d5 2. e4 d4 3. Nce2 e5 4. c3 c5 5. Ng3 a6 6. Bc4 b5 7. Bd5 Ra7 8. Nf3 Bd6 9. cxd4 cxd4 10. a4 Bd7 11. d3 Ne7 12. Ba2 h6 13. O-O bxa4 14. Nxe5 Bxe5 15. Qh5 Ng6 16. f4 Bf6 17. e5 Bh4 18. Bxf7+ Kxf7 19. f5 Bxg3 20. Qxg6+ Kg8 21. f6 Be8 22. Qxg3 Kh7 23. e6 gxf6 24. Qh4 Kg7 25. Bf4 Bg6 26. Bxb8 Qxb8 27. Rxf6 Qe5 28. Raf1 Re7 29. Rxg6+ Kxg6 30. Qxe7 Qe3+ 31. Kh1 Qe5 32. Qf7+ Kg5 33. e7 Rc8 34. Qf8 1-0


[Site "https://www.chess.com"]

[Event "Titled Tuesday Blitz August 24 2021"]
[White "Jeet, Jain"]
[Black "Labussiere, Yago"]
[WhiteFideId "5073022"]
[BlackFideId "2186969"]
[WhiteElo "2085"]
[BlackElo "1857"]
[Result "1/2-1/2"]
[Round "08"]
[TimeControl "180+1"]
[Date "2021.08.24"]
[WhiteClock "0:01:32"]
[BlackClock "0:00:10"]

1. e4 c5 2. Nf3 d6 3. Bb5+ Bd7 4. Bxd7+ Qxd7 5. O-O Nf6 6. d3 g6 7. Ng5 Bg7 8. f4 O-O 9. c4 Nc6 10. Nc3 Ng4 11. Ne2 f5 12. h3 Nf6 13. Nc3 Nd4 14. Be3 h6 15. Nf3 Nh5 16. Qd2 Ng3 17. Rfe1 fxe4 18. dxe4 Nxf3+ 19. gxf3 Qxh3 20. Qg2 Qh4 21. Bf2 Bd4 22. Bxd4 cxd4 23. Nd5 d3 24. Qh2 Qxh2+ 25. Kxh2 Ne2 26. f5 gxf5 27. Nxe7+ Kf7 28. Nxf5 h5 29. Nxd6+ Ke6 30. Nf5 Nf4 31. Rad1 Kf6 32. Ne3 Rad8 33. Nd5+ Nxd5 34. cxd5 Rc8 35. Rd2 Rc2 36. Rxc2 dxc2 37. Rc1 Rc8 38. Kg3 Ke5 39. Kf2 Kf4 40. Ke2 h4 41. Kf2 h3 42. Kg1 Kg3 43. e5 Rc5 44. Kf1 Rxd5 45. Rxc2 Rxe5 46. f4 h2 47. Rxh2 Rc5 48. Rd2 Kf3 49. Rd3+ Kxf4 50. Rb3 b6 51. Ke2 Ke5 52. Kd3 Kd6 53. a4 Kc6 54. Ra3 a5 55. b3 Rd5+ 56. Kc4 Rc5+ 57. Kd4 Rd5+ 58. Kc3 Rc5+ 59. Kb2 Rd5 60. Ra1 Rc5 61. Re1 Rd5 62. Rf1 Kc5 63. Rf6 Rd6 64. Rf5+ Rd5 65. Rf3 Rd4 66. Kc3 Rd5 67. Rf4 Rh5 68. Rf3 Rh4 69. Rg3 Rh5 70. Rf3 Rg5 71. Kd3 Rh5 72. Kc3 1/2-1/2


[Site "https://www.chess.com"]

[Event "Titled Tuesday Blitz August 24 2021"]
[White "Jobava, Baadur"]
[Black "Balakrishnan, Praveen"]
[WhiteFideId "13601520"]
[BlackFideId "2064871"]
[WhiteElo "2748"]
[BlackElo "2237"]
[Result "1/2-1/2"]
[Round "08"]
[TimeControl "180+1"]
[Date "2021.08.24"]
[WhiteClock "0:00:07"]
[BlackClock "0:00:10"]

1. e4 g6 2. d4 Bg7 3. c4 d6 4. Nc3 Nc6 5. Nge2 e5 6. d5 Nce7 7. Be3 f5 8. f3 Nf6 9. Qd2 O-O 10. h3 f4 11. Bf2 c5 12. Nc1 g5 13. Be2 h5 14. Nd3 h4 15. b4 b6 16. O-O Nh5 17. Rfb1 Ng6 18. a4 a5 19. bxc5 bxc5 20. Be1 Ng3 21. Nf2 Rf7 22. Bd3 Rfa7 23. Rb3 Ra6 24. Rab1 Nf8 25. R1b2 Nd7 26. Qd1 Nb6 27. Qb1 Nd7 28. Nb5 Bf8 29. Ng4 Kg7 30. Bc3 Be7 31. Na3 Nh5 32. Rb5 Nhf6 33. Nf2 Ne8 34. Qe1 Ndf6 35. Nd1 Bd7 36. Rb1 Kf7 37. Nb2 Kg7 38. Nc2 Qc7 39. Na1 Bd8 40. Nb3 Qa7 41. Kh2 Bc7 42. Bf1 Bc8 43. Nd3 Nd7 44. Rb2 Nef6 45. Na1 Nb6 46. Ra2 Nbd7 47. Nc2 Nb6 48. Nb2 Bd7 49. Na3 Be8 50. Bd3 Qb7 51. Bc2 Qa7 52. Rb3 Qb7 53. Nb5 Qc8 54. Nxc7 Qxc7 55. Rb5 Nc8 56. Ra3 R6a7 57. Bd3 Bxb5 58. cxb5 Nb6 59. Bc4 Nfd7 60. Ba2 Kf6 61. Nd3 Ke7 62. Nb2 Kf6 63. Bd2 Ke7 64. Rc3 Kf6 65. Rc1 Ke7 66. Bb3 Kf6 67. Nd1 Ke7 68. Nf2 Kf7 69. Ng4 Kg7 70. Bc3 Nf6 71. Nf2 Nfd7 72. Bc2 Nf6 73. Ba1 Nfd7 74. Qc3 Nf6 75. Bd1 Nfd7 76. Nd3 Re8 77. Qe1 Rea8 78. Bc3 Kf7 79. Nf2 Kg7 80. Ng4 Nf6 81. Nf2 Nfd7 82. Bb3 Nf6 83. Bc2 Nfd7 84. Qe2 Nf6 85. Nd1 Nfd7 86. Nb2 Nf6 87. Nc4 Nxc4 88. Qxc4 Nd7 89. Qe2 Nb6 90. Qe1 Qd7 91. Qe2 Qc7 92. Bb3 Qd7 93. Bd2 Qc7 94. Rc4 Qd7 95. Qd3 Qe7 96. Kg1 Kf6 97. Kf1 Kg7 98. Ke1 Kf6 99. Kd1 Kg7 100. Kc2 Kf6 101. Kb2 Kg7 102. Ka3 Kf6 103. Qc2 Kg7 104. Qd3 Kf6 105. Qc2 Kg7 106. Qd3 1/2-1/2


[Site "https://www.chess.com"]

[Event "Titled Tuesday Blitz August 24 2021"]
[White "Jumanov, Elbek"]
[Black "Ovetchkin, Roman"]
[WhiteFideId "14202905"]
[BlackFideId "4119991"]
[WhiteElo "2067"]
[BlackElo "2432"]
[Result "1/2-1/2"]
[Round "08"]
[TimeControl "180+1"]
[Date "2021.08.24"]
[WhiteClock "0:00:08"]
[BlackClock "0:00:18"]

1. c4 Nf6 2. Nf3 g6 3. Nc3 Bg7 4. g3 O-O 5. Bg2 d6 6. O-O c6 7. Rb1 e5 8. d3 a5 9. a3 h6 10. b4 axb4 11. axb4 Re8 12. b5 d5 13. bxc6 bxc6 14. cxd5 cxd5 15. Nb5 Nc6 16. Ba3 Bf5 17. Bc5 Bf8 18. Bxf8 Kxf8 19. Qd2 Kg7 20. Rfc1 Qd7 21. Rc5 e4 22. Nfd4 Nxd4 23. Nxd4 exd3 24. exd3 Qd6 25. Nxf5+ gxf5 26. Rbc1 Qe5 27. d4 Qe2 28. Qxe2 Rxe2 29. Bxd5 Rd8 30. Bf3 Rd2 31. Rxf5 R2xd4 32. Rc6 R4d6 33. Rc7 R8d7 34. Rxd7 Rxd7 35. h4 Rd4 36. Kg2 Rb4 37. Ra5 Rd4 38. Ra7 Rd7 39. Ra6 Rd2 40. Rb6 Rd4 41. Rb7 Rd2 42. g4 Rd7 43. Rb8 Rd4 44. Kg3 Ne4+ 45. Bxe4 Rxe4 46. f3 Rd4 47. Rb6 Rc4 48. g5 hxg5 49. hxg5 Rd4 50. f4 Rd5 51. Rb7 Ra5 52. Kg4 Rc5 53. f5 Rc4+ 54. Kf3 Kg8 55. f6 Ra4 56. Rb8+ Kh7 57. Rf8 Kg6 58. Rg8+ Kf5 59. Rg7 Rg4 60. Rxf7 Rxg5 61. Rf8 Rg6 62. f7 Kf6 63. Rg8 Kxf7 64. Rxg6 Kxg6 1/2-1/2


[Site "https://www.chess.com"]

[Event "Titled Tuesday Blitz August 24 2021"]
[White "Kamsky, Gata"]
[Black "Iskusnyh, Sergei"]
[WhiteFideId "2000024"]
[BlackFideId "4120027"]
[WhiteElo "2644"]
[BlackElo "2492"]
[Result "1-0"]
[Round "08"]
[TimeControl "180+1"]
[Date "2021.08.24"]
[WhiteClock "0:00:33"]
[BlackClock "0:00:12"]

1. e4 e6 2. Qe2 c5 3. Nf3 Nc6 4. g3 g6 5. Bg2 Bg7 6. O-O Nge7 7. c3 O-O 8. d3 d6 9. Na3 e5 10. Nc2 f5 11. Rd1 Kh8 12. a3 Be6 13. b4 Qd7 14. Bb2 a6 15. Ng5 Bg8 16. d4 cxd4 17. cxd4 f4 18. Bh3 Qe8 19. dxe5 Nxe5 20. Nd4 N7c6 21. Nde6 Rf6 22. Nxg7 Kxg7 23. Nf3 Bc4 24. Nxe5 Bxe2 25. Nd7 Bxd1 26. Nxf6 Qc8 27. Bxc8 1-0


[Site "https://www.chess.com"]

[Event "Titled Tuesday Blitz August 24 2021"]
[White "Kavyev, Ruslan"]
[Black "Ponikarovsky, Alexey"]
[WhiteFideId "34110981"]
[BlackFideId "4122887"]
[WhiteElo "2172"]
[BlackElo "1944"]
[Result "1/2-1/2"]
[Round "08"]
[TimeControl "180+1"]
[Date "2021.08.24"]
[WhiteClock "0:02:18"]
[BlackClock "0:02:20"]

1. d4 d5 2. c4 e6 3. Nf3 Nf6 4. g3 Bb4+ 5. Bd2 Bxd2+ 6. Nbxd2 O-O 7. Bg2 b6 8. cxd5 Nxd5 9. O-O Bb7 10. Qc2 h6 11. Rfd1 Nd7 12. a3 Rc8 13. b4 c5 14. dxc5 bxc5 15. bxc5 Rxc5 16. Qb2 N5b6 17. Nb3 Rc8 18. Na5 Ba8 19. Ne5 Bxg2 20. Kxg2 Qc7 21. Nxd7 Nxd7 22. Rac1 Qxa5 23. Rxd7 Rxc1 24. Qxc1 Qa6 25. e3 Qa4 1/2-1/2


[Site "https://www.chess.com"]

[Event "Titled Tuesday Blitz August 24 2021"]
[White "Khusnutdinov, Rustam"]
[Black "Zubov, Alexander"]
[WhiteFideId "13701703"]
[BlackFideId "14109409"]
[WhiteElo "2571"]
[BlackElo "2740"]
[Result "1/2-1/2"]
[Round "08"]
[TimeControl "180+1"]
[Date "2021.08.24"]
[WhiteClock "0:00:21"]
[BlackClock "0:00:18"]

1. d4 Nf6 2. c4 g6 3. Nc3 d5 4. cxd5 Nxd5 5. e4 Nxc3 6. bxc3 Bg7 7. Qa4+ Nd7 8. Nf3 O-O 9. Be2 c5 10. O-O a6 11. Qa3 Qc7 12. Be3 b6 13. Rad1 e6 14. h4 Bb7 15. e5 b5 16. h5 Rfe8 17. hxg6 fxg6 18. Ng5 Bd5 19. Nh3 Nb6 20. Nf4 c4 21. Qc1 a5 22. a3 Rab8 23. Nxd5 Nxd5 24. Bf3 Qd7 25. Bxd5 Qxd5 26. Bh6 Rf8 27. Rfe1 Rf5 28. Bxg7 Kxg7 29. Qd2 Rbf8 30. f3 h5 31. Re4 g5 32. Rde1 Kg6 33. Qc2 Kg7 34. Qb2 Rf4 35. Rxf4 Rxf4 36. Rb1 b4 37. axb4 g4 38. bxa5 Qxa5 39. Qb7+ Rf7 40. Qb4 Qa2 41. Qb2 Qxb2 42. Rxb2 gxf3 43. Rb6 fxg2 44. Kxg2 Ra7 45. Rc6 Ra3 46. Rxc4 Kg6 47. Rc8 Kf5 48. Kf3 h4 49. Rf8+ Kg5 50. Rg8+ Kf5 51. Rf8+ Kg5 52. Rg8+ Kf5 53. Rf8+ 1/2-1/2


[Site "https://www.chess.com"]

[Event "Titled Tuesday Blitz August 24 2021"]
[White "Kononenko, Dmitry"]
[Black "Ter-Sahakyan, Samvel"]
[WhiteFideId "14113538"]
[BlackFideId "13302531"]
[WhiteElo "2276"]
[BlackElo "2551"]
[Result "0-1"]
[Round "08"]
[TimeControl "180+1"]
[Date "2021.08.24"]
[WhiteClock "0:00:01"]
[BlackClock "0:00:10"]

1. d4 Nf6 2. c4 e6 3. g3 d5 4. Nf3 Be7 5. Bg2 O-O 6. O-O dxc4 7. Qc2 a6 8. a4 Bd7 9. Qxc4 Bc6 10. Bf4 Bd6 11. Nbd2 h6 12. Rfe1 Nbd7 13. Bxd6 cxd6 14. Qb4 d5 15. Rec1 a5 16. Qb3 Qb8 17. e3 Rc8 18. Rc3 Qd6 19. Rac1 Qb4 20. Qa2 Nb6 21. b3 Be8 22. Rxc8 Rxc8 23. Rxc8 Nxc8 24. Qc2 Nd6 25. Ne5 b5 26. Nd3 Qa3 27. axb5 Bxb5 28. Bf3 Bxd3 29. Qxd3 Qb2 30. Kg2 g6 31. h4 h5 32. Qa6 Qxd2 33. Qxd6 Kg7 34. Qc7 Qb4 35. Qc2 Ne8 36. g4 hxg4 37. Bxg4 Nf6 38. Bf3 Qb8 39. Qc3 Qd8 40. Qc5 Ng8 41. Qc3 Nh6 42. h5 gxh5 43. e4 Qg5+ 44. Kf1 dxe4 45. Bxe4 Ng4 46. d5+ Qf6 47. Qxf6+ Nxf6 48. d6 Kf8 49. Bc6 Nd5 50. Kg2 Nb4 51. Ba4 Nd3 52. Kg3 Nc5 53. Bb5 Ne4+ 54. Kf3 Nxd6 55. Kf4 Ke7 56. Ba4 Nf5 57. Kg5 f6+ 58. Kxh5 Nd6 59. Kg4 Nb7 60. Bb5 Nc5 61. Bc4 Kd6 62. Kf4 f5 63. Kg5 Ne4+ 64. Kf4 Nxf2 65. Ke3 Ne4 66. Kf4 Nc5 67. Ke3 Ke5 68. Kf3 Ne4 69. Ke3 Nd6 70. Ba6 f4+ 71. Kf3 Nf5 72. Bc4 Nd4+ 73. Kf2 Kd6 74. Bd3 e5 75. Ke1 Kc5 76. Bc4 Kb4 77. Kd2 Nxb3+ 78. Kd3 Nc5+ 0-1


[Site "https://www.chess.com"]

[Event "Titled Tuesday Blitz August 24 2021"]
[White "Korchmar, Vasiliy"]
[Black "Sjugirov, Sanan"]
[WhiteFideId "24131750"]
[BlackFideId "4189302"]
[WhiteElo "2370"]
[BlackElo "2472"]
[Result "0-1"]
[Round "08"]
[TimeControl "180+1"]
[Date "2021.08.24"]
[WhiteClock "0:00:01"]
[BlackClock "0:00:27"]

1. e4 c5 2. Nf3 Nf6 3. e5 Nd5 4. Nc3 Nxc3 5. dxc3 Nc6 6. Bf4 Qb6 7. Rb1 Qc7 8. Bc4 e6 9. O-O b6 10. Re1 Bb7 11. Ng5 Ne7 12. Qh5 Ng6 13. Bg3 Be7 14. Ne4 O-O 15. Rbd1 Rad8 16. h4 Bxe4 17. Rxe4 d5 18. exd6 Bxd6 19. Bxd6 Rxd6 20. Rxd6 Qxd6 21. Bd3 h6 22. Qf3 Rd8 23. Qe3 Ne7 24. Rg4 f5 25. Ra4 a5 26. b4 Nd5 27. Qe1 cxb4 28. cxb4 Nxb4 29. Bc4 Kf7 30. c3 Nc2 31. Qb1 Qd1+ 32. Qxd1 Rxd1+ 33. Kh2 Rd2 34. Kg3 g5 35. hxg5 hxg5 36. Bb3 Ne1 37. Rc4 Nd3 38. Rc7+ Kf6 39. Rc6 f4+ 40. Kh2 Nc5 41. Rxb6 Rxf2 0-1


[Site "https://www.chess.com"]

[Event "Titled Tuesday Blitz August 24 2021"]
[White "Kovalchuk94"]
[Black "Svane, Frederik"]
[BlackFideId "12923044"]
[WhiteElo "2623"]
[BlackElo "2459"]
[Result "0-1"]
[Round "08"]
[TimeControl "180+1"]
[Date "2021.08.24"]
[WhiteClock "0:01:01"]
[BlackClock "0:00:39"]

1. d4 Nf6 2. c4 e6 3. Nf3 d5 4. Nc3 dxc4 5. e4 b5 6. e5 Nd5 7. Nxb5 Nb6 8. Be2 Nc6 9. O-O Be7 10. Be3 O-O 11. Rc1 Nb4 12. a4 Bd7 13. Bxc4 a6 14. Na3 Bxa4 15. Bb3 Bc6 16. Nc4 a5 17. Nxb6 cxb6 18. Bc4 Qd7 19. Qe2 b5 20. Bd3 Nxd3 21. Qxd3 h6 22. Rfd1 Rfd8 23. Nd2 Qb7 24. f3 a4 25. Ne4 b4 26. Nc5 Bxc5 27. Rxc5 a3 28. bxa3 bxa3 29. Rb1 Qd7 30. Qc3 a2 31. Ra1 Bd5 32. Rc7 Rdc8 33. Rxc8+ Qxc8 34. Qd2 Qb7 35. Kf2 Qb3 36. Kg3 Rc8 37. Bxh6 gxh6 38. Qxh6 Qb1 0-1


[Site "https://www.chess.com"]

[Event "Titled Tuesday Blitz August 24 2021"]
[White "Krivonosov, Oleg"]
[Black "Janaszak, Dawid"]
[WhiteFideId "11600349"]
[BlackFideId "1119206"]
[WhiteElo "2469"]
[BlackElo "2332"]
[Result "1/2-1/2"]
[Round "08"]
[TimeControl "180+1"]
[Date "2021.08.24"]
[WhiteClock "0:00:55"]
[BlackClock "0:00:42"]

1. Nf3 c5 2. c4 g6 3. d4 cxd4 4. Nxd4 Bg7 5. e4 Nc6 6. Be3 Nf6 7. Nc3 d6 8. Be2 O-O 9. O-O Nxd4 10. Bxd4 Bd7 11. Qd2 Bc6 12. f3 Nd7 13. b3 Bxd4+ 14. Qxd4 Qb6 15. Qxb6 Nxb6 16. Rac1 f5 17. exf5 Rxf5 18. f4 Raf8 19. g3 Kg7 20. Bd3 R5f7 21. Be4 Nd7 22. Bd5 Bxd5 23. Nxd5 Nf6 24. Nxf6 Rxf6 25. Rfe1 Kf7 26. Rc2 Re6 27. Rce2 Rxe2 28. Rxe2 Rd8 29. Kf2 d5 30. cxd5 Rxd5 31. Rc2 a5 32. Ke3 b5 33. Rc7 Kf6 34. g4 g5 35. Rc6+ Kf7 36. f5 Re5+ 37. Kf3 b4 38. Rc2 h5 39. h3 h4 40. Rc6 Rd5 41. Ke2 Re5+ 42. Kf2 Rd5 43. Ke2 Re5+ 44. Kf2 Rd5 45. Ke2 1/2-1/2


[Site "https://www.chess.com"]

[Event "Titled Tuesday Blitz August 24 2021"]
[White "Lashkin, Jegor"]
[Black "Ibrahimli, Murad"]
[WhiteFideId "13907808"]
[BlackFideId "13410229"]
[WhiteElo "2293"]
[BlackElo "2109"]
[Result "1/2-1/2"]
[Round "08"]
[TimeControl "180+1"]
[Date "2021.08.24"]
[WhiteClock "0:00:03"]
[BlackClock "0:00:06"]

1. d4 Nf6 2. c4 g6 3. Nc3 Bg7 4. e4 d6 5. Be2 O-O 6. Nf3 e5 7. Be3 Na6 8. O-O Qe7 9. Bg5 exd4 10. Nd5 Qd8 11. Nxd4 c6 12. Nxf6+ Bxf6 13. Bxf6 Qxf6 14. Qd2 Nc5 15. f3 a5 16. Rad1 Re8 17. b3 Be6 18. Qe3 Qe5 19. Qf2 f5 20. exf5 Bxf5 21. Rfe1 Bd7 22. Bf1 Qf6 23. Re2 Rxe2 24. Nxe2 Re8 25. Qd4 Qxd4+ 26. Rxd4 Re6 27. Kf2 Kf7 28. h4 Ke7 29. Nc3 Kd8 30. Be2 Kc7 31. g4 Rf6 32. g5 Rf7 33. Kg3 Ne6 34. Re4 Nc5 35. Re3 Bf5 36. f4 Kd7 37. h5 Re7 38. Kf2 Ne4+ 39. Nxe4 Rxe4 40. Rxe4 Bxe4 41. a3 Bc2 42. b4 axb4 43. axb4 d5 44. cxd5 cxd5 45. Ke3 Kd6 46. Kd4 Be4 47. h6 Ke6 48. Bg4+ Ke7 49. Bc8 b6 50. Bb7 Kd6 51. Ba8 Ke6 52. Bb7 Kd6 53. Bc8 Ke7 54. b5 Kd6 55. Bb7 Ke6 56. Bc6 Kd6 57. Ba8 Ke6 58. Bb7 Kd6 59. Bc8 Ke7 60. Ke5 Bd3 61. Ba6 Bc4 62. Bb7 Bxb5 63. Bxd5 Kf8 64. Kf6 Be8 65. Be4 b5 66. f5 gxf5 67. Bxf5 Kg8 68. Be6+ Kh8 69. Ke7 Bg6 70. Kd6 Bd3 71. Kc5 Bc4 72. Bf5 Kg8 73. Kb4 Kh8 74. Be4 Kg8 75. Bc2 Kh8 76. Bf5 Kg8 77. Be4 Kh8 78. Kc5 Kg8 79. Bc2 Kh8 80. Bf5 Kg8 81. Be4 Kh8 82. Bf3 Kg8 83. Bh5 Kh8 84. Be8 Kg8 85. Kb4 Kf8 86. Bh5 Ke7 87. Bg6 Bg8 88. Bd3 Kd6 89. Kxb5 Ke5 90. g6 hxg6 91. Bxg6 Kf6 92. h7 Bxh7 1/2-1/2


[Site "https://www.chess.com"]